 Dungeon Crawl Stone Soup version 0.30-b1-2-g02819fbbbe (webtiles) character file.

Game seed: 3299174060180759609

203 Anon1729 the Trooper (level 5, -4/47 HPs)
             Began as a Minotaur Monk on Aug 24, 2023.
             Was a Believer of Uskayaw.
             Slain by Grinder (6 damage)
             ... on level 4 of the Dungeon.
             The game lasted 00:01:30 (2280 turns).

Anon1729 the Trooper (Minotaur Monk)                Turns: 2280, Time: 00:01:31

Health: -4/47      AC:  5    Str: 16    XL:     5   Next: 51%
Magic:  5/5        EV: 13    Int:  7    God:    Uskayaw [**....]
Gold:   180        SH:  0    Dex: 14    Spells: 4/4 levels left

rFire   . . .        k - +2 dagger (holy)
rCold   . . .        d - orb {light}
rNeg    . . .        b - +0 robe
rPois   .            (helmet restricted)
rElec   .            g - +2 cloak
rCorr   .            (no gloves)
SInv    .            (no boots)
Will    .....        (no amulet)
Stlth   +            (no ring)
HPRegen 0.27/turn    (no ring)
MPRegen 0.09/turn

%: no passive effects
@: glowing
A: horns 2, retaliatory headbutt
a: Renounce Religion, Stomp, Line Pass


You were on level 4 of the Dungeon.
You worshipped Uskayaw.
Uskayaw was noncommittal.
You visited 1 branch of the dungeon, and saw 4 of its levels.

You collected 180 gold pieces.

Inventory:

Hand Weapons
 a - a +0 short sword
 k - a +2 dagger of holy wrath (weapon)
Armour
 b - a +0 robe (worn)
 d - an orb of light (worn)
 g - a +2 cloak (worn)
Jewellery
 j - a +6 ring of strength
Wands
 f - a wand of polymorph (7)
Scrolls
 i - 2 scrolls of immolation {unknown}
 l - a scroll of noise {unknown}
 m - a scroll of fog {unknown}
 o - a scroll of enchant weapon {unknown}
 p - a scroll of silence {unknown}
 q - 2 scrolls of identify {unknown}
Potions
 c - 3 potions of ambrosia
 e - a potion of flight {unknown}
 h - 4 potions of curing {unknown}
 n - a potion of mutation {unknown}
 r - a potion of lignification {unknown}


   Skills:
 + Level 4.6 Fighting
 + Level 4.2 Short Blades
 + Level 2.1 Armour
 + Level 4.1 Dodging
 + Level 1.6 Stealth
 + Level 1.7 Invocations


You had 4 spell levels left.
You didn't know any spells.
Your spell library contained the following spells:

 Spells                   Type           Power      Damage    Failure   Level
 Blink                    Tloc           0%         N/A       56%         2
 Lesser Beckoning         Tloc           0%         N/A       56%         2
 Momentum Strike          Conj/Tloc      0%         3d8       56%         2
 Manifold Assault         Tloc           0%         N/A       99%         4
 Storm Form               Tmut/Air       0%         N/A       100%        7


Dungeon Overview and Level Annotations

Branches:
Dungeon (4/15)
 Temple: D:4-7

Altars:
Elyvilon
Sif Muna
Uskayaw

Annotations:
D:2 Sigmund
D:4 Grinder


Innate Abilities, Weirdness & Mutations

You have a pair of horns on your head.
You reflexively headbutt those who attack you in melee.


Message History

Grinder says, "You look like you could use a good racking."
Grinder misses you.
You hit Grinder.
Grinder convulses.
You headbutt Grinder, but do no damage.
Grinder is moderately wounded.
Grinder hits you.
You writhe in agony.
You are too injured to fight recklessly!
You are too injured to fight recklessly!
You are too injured to fight recklessly!
You are too injured to fight recklessly!
You are too injured to fight recklessly!
You are too injured to fight recklessly!
You are too injured to fight recklessly!
You are too injured to fight recklessly!
You are too injured to fight recklessly!
You are too injured to fight recklessly!
You are too injured to fight recklessly!
You are too injured to fight recklessly!
You are too injured to fight recklessly!
You are too injured to fight recklessly!
You are too injured to fight recklessly!
You are too injured to fight recklessly!
You are too injured to fight recklessly!
You hit Grinder.
Grinder convulses.
You headbutt Grinder, but do no damage.
Grinder is heavily wounded.
Grinder closely misses you.
You can now pass through a line of other dancers.
You barely miss Grinder.
Grinder is heavily wounded.
Grinder hits you.
You writhe in agony.
You hit Grinder.
Grinder convulses.
Grinder is heavily wounded.
You hit Grinder but do no damage. Your headbutt misses Grinder.
Grinder is heavily wounded.
Grinder gestures at you. Pain shoots through your body!
* * * LOW HITPOINT WARNING * * *
You hit Grinder but do no damage.
Grinder is heavily wounded.
Grinder hits you.
You die...

## ##.....<...........
##.#
#.#...............
...#######............
#..#####..####.##
#...#.#...#.#..#.
##...............
#................
#.#..............
#..5@..........#.
#.............#..
#.............## .
#.............#
...#............
...####........... #..
.......... #.
.........


You could see Grinder.

Vanquished Creatures
  A hound (D:3)
  Jessica (D:2)
  Natasha (twice) (D:3)
  3 adders
  2 worms
  A dart slug (D:3)
  An orc (D:3)
  5 ball pythons
  5 endoplasms
  3 giant cockroaches
  5 goblins
  8 hobgoblins
  3 jackals (D:4)
  2 quokkas
  5 bats
  3 frilled lizards
  6 kobolds
  4 rats (D:1)
60 creatures vanquished.

Notes
Turn   | Place    | Note
-------+----------+-------------------------------------------
     0 | D:1      | Anon1729 the Minotaur Monk began the quest for the Orb.
     0 | D:1      | Reached XP level 1. HP: 19/19 MP: 0/0
   137 | D:1      | Found a faded altar of an unknown god.
   300 | D:1      | Reached XP level 2. HP: 27/27 MP: 1/1
  1108 | D:2      | Reached XP level 3. HP: 33/33 MP: 2/2
  1113 | D:2      | Reached skill level 1 in Armour
  1310 | D:2      | Reached skill level 1 in Stealth
  1344 | D:2      | Found a hide-covered altar of Uskayaw.
  1357 | D:2      | Noticed Sigmund
  1379 | D:2      | Became a worshipper of Uskayaw the Reveller
  1379 | D:2      | Reached * piety under Uskayaw
  1433 | D:2      | Noticed Jessica
  1440 | D:2      | Reached ** piety under Uskayaw
  1441 | D:2      | Killed Jessica
  1442 | D:2      | Reached skill level 1 in Invocations
  1442 | D:2      | Reached XP level 4. HP: 38/40 MP: 3/3
  1475 | D:3      | Noticed Natasha
  1482 | D:3      | Killed Natasha
  1524 | D:3      | Noticed Natasha
  1540 | D:3      | Killed Natasha
  1541 | D:3      | Reached XP level 5. HP: 24/47 MP: 5/5
  1727 | D:3      | Found a shimmering blue altar of Sif Muna.
  2083 | D:4      | Found a white marble altar of Elyvilon.
  2267 | D:4      | Noticed Grinder
  2279 | D:4      | HP: 2/47 [Grinder/nerve-wracking pain (14)]
  2280 | D:4      | Slain by Grinder

Illustrated notes

Levels and vault maps discovered:
D:1:      dpeg_arrival_tiny_c, layout_basic,
          shapermc_ecumenical_altar_mp_highgroup
D:2:      layout_loops_ring, basic_altar, uniq_crazy_yiuf_cottage, uniq_jessica,
          uniq_sigmund
D:3:      layout_basic, mainiacjoe_overflow_alcove_4, uniq_natasha
D:4:      layout_cave_pools, mainiacjoe_overflow_alcove_1,
          nicolae_concentric_dashed_squares_mild, uniq_edmund, uniq_grinder

Skill      XL: |  1  2  3  4  5 |
---------------+----------------+-----
Fighting       | 4 |  4.6
Armour         | 1 2 |  2.1
Stealth        | 1 |  1.6
Invocations    | 1 |  1.7
Short Blades   | 4 |  4.2
Dodging        | 4 |  4.1

Action                     |  1- 3 |  4- 6 || total
---------------------------+-------+-------++-------
  Melee: Short sword       |    48 |       ||    48
         Headbutt          |    16 |    20 ||    36
         Dagger            |    23 |    85 ||   108
    Use: Scroll            |       |     1 ||     1
   Stab: Sleeping          |       |     1 ||     1
 Armour: Robe              |    15 |    18 ||    33
  Dodge: Dodged            |    36 |    47 ||    83
